 Dungeon Crawl Stone Soup version 0.29-a0-982-gaed3a0c8d8 (webtiles) character file.

Game seed: 17431927454773199630

525 ytrimaz the Chopper (level 7, -9/78 HPs)
             Began as a Demonspawn Berserker on Aug 1, 2022.
             Was a Believer of Trog.
             Mangled by an ice beast (10 damage)
             ... on level 5 of the Dungeon.
             The game lasted 00:06:49 (4758 turns).

ytrimaz the Chopper (Demonspawn Berserker)          Turns: 4758, Time: 00:06:50

Health: -9/78      AC:  6    Str: 19    XL:     7   Next: 2%
Magic:  7/7        EV: 12    Int: 14    God:    Trog [**....]
Gold:   261        SH:  0    Dex: 15    Spells: 6/6 levels left

rFire   . . .      SeeInvis .   a - +0 hand axe
rCold   . . .      Faith    .   (no shield)
rNeg    . . .      Spirit   .   q - +2 leather armour {rPois}
rPois   +          Reflect  .   (no helmet)
rElec   .          Harm     .   (no cloak)
rCorr   .          Rampage  .   (no gloves)
Will    .....                   p - +0 pair of boots
Stlth   ..........              (no amulet)
HPRegen 0.23/turn               k - +6 ring of intelligence
MPRegen 0.10/turn               (no ring)

@: berserking (expiring), very quick
A: thin skeletal structure 1, powered by death 1
a: Renounce Religion, Berserk, Trog's Hand


You were on level 5 of the Dungeon.
You worshipped Trog.
Trog was pleased with you.
You visited 1 branch of the dungeon, and saw 5 of its levels.

You collected 261 gold pieces.

Inventory:

Hand Weapons
 a - a +0 hand axe (weapon)
Armour
 j - the +3 scale mail of Ysoos {Int+5 Stlth-}
   (You found it on level 3 of the Dungeon)

   Int:       It affects your intelligence (+5).
   Stlth:     It makes you less stealthy.
 p - a +0 pair of boots (worn)
 q - a +2 leather armour of poison resistance (worn)
 s - a +0 pair of gloves
Jewellery
 k - a +6 ring of intelligence (left hand)
Wands
 b - a wand of quicksilver (7)
Scrolls
 h - a scroll of blinking
Potions
 c - 2 potions of cancellation {unknown}
 d - 2 potions of flight {unknown}
 e - a potion of magic {unknown}
 f - 3 potions of heal wounds
 g - a potion of haste {unknown}
 i - 3 potions of lignification {unknown}
 l - a potion of degeneration {unknown}
 m - 2 potions of curing {unknown}
 n - a potion of attraction {unknown}
 o - 2 potions of brilliance {unknown}
 r - a potion of resistance {unknown}


   Skills:
 - Level 3.0 Fighting
 + Level 7.3 Axes
 - Level 1.7 Armour
 - Level 1.7 Dodging


You had 6 spell levels left.
You didn't know any spells.
Your spell library was empty.

Dungeon Overview and Level Annotations

Branches:
Dungeon (5/15)
 Temple: D:4-7

Altars:
Hepliaklqana
Yredelemnul

Shops:
D:2 (

Portals:
Ossuary: D:5


Innate Abilities, Weirdness & Mutations

You have a somewhat thin skeletal structure. (Dex +2, Stealth+)
You regenerate a little health from kills.


Message History

You barely miss the ice beast.
The ice beast hits you but does no damage.
You closely miss the ice beast.
The ice beast hits you but does no damage.
Unknown command.
You hit the ice beast.
The ice beast is lightly wounded.
Unknown command.
A red film seems to cover your vision as you go berserk!
You feel yourself moving faster!
You feel mighty! The ice beast hits you. The ice beast freezes you!
You hit the ice beast.
The ice beast is moderately wounded.
The ice beast barely misses you.
You hit the ice beast but do no damage.
The ice beast is moderately wounded.
The ice beast closely misses you.
You barely miss the ice beast.
The ice beast is moderately wounded.
You closely miss the ice beast.
The ice beast is moderately wounded.
The ice beast hits you. The ice beast freezes you!
* * * LOW HITPOINT WARNING * * *
You hit the ice beast but do no damage.
The ice beast is moderately wounded.
The ice beast hits you.
* * * LOW HITPOINT WARNING * * *
The ice beast freezes you!
* * * LOW HITPOINT WARNING * * *
You hit the ice beast.
The ice beast is heavily wounded.
You hit the ice beast.
The ice beast is severely wounded.
The ice beast hits you but does no damage.
You slash the ice beast!
The ice beast is almost dead.
The ice beast hits you.
* * * LOW HITPOINT WARNING * * *
The ice beast freezes you!
You die...

###.#####
#......#######
#.#...........
#.####.#######
# #.#
#.#######
#.####........
#....Y.#######
#.....@+
#...∩?.#
#.....##
#.##.. #. #.#
# #. #. #.


You could see an ice beast.

Vanquished Creatures
  Edmund (D:4)
  An ogre (D:5)
  A phantom (D:4)
  A hound (D:4)
  An iguana (D:3)
  8 adders
  4 worms
  2 dart slugs
  An orc (D:2)
  3 bats
  9 endoplasms
  4 giant cockroaches
  16 goblins
  10 hobgoblins
  6 jackals
  2 kobolds (D:4)
  3 quokkas
  7 ball pythons
  4 frilled lizards (D:2)
  7 rats
  A rat zombie (D:5)
92 creatures vanquished.

Vanquished Creatures (others)
  4 plants (D:4)
4 creatures vanquished.

Grand Total: 96 creatures vanquished

Notes
Turn   | Place    | Note
-------+----------+-------------------------------------------
     0 | D:1      | ytrimaz the Demonspawn Berserker began the quest for the
                  | Orb.
     0 | D:1      | Reached XP level 1. HP: 18/18 MP: 1/1
   200 | D:1      | Reached skill level 3 in Axes
   434 | D:1      | Gained mutation: You regenerate a little health from kills.
                  | [demonic ancestry]
   434 | D:1      | Reached XP level 2. HP: 18/24 MP: 2/2
   880 | D:1      | Reached XP level 3. HP: 10/29 MP: 3/3
  1287 | D:2      | Reached skill level 4 in Axes
  1632 | D:2      | Reached ** piety under Trog
  1747 | D:2      | Reached XP level 4. HP: 28/35 MP: 4/4
  2376 | D:2      | Reached skill level 5 in Axes
  2858 | D:2      | Found Ofugegop's Weapon Shop.
  2892 | D:3      | Identified the +3 scale mail of Ysoos {Int+5 Stlth-}
  3236 | D:3      | Reached XP level 5. HP: 38/41 MP: 5/5
  3295 | D:3      | Found a faded altar of an unknown god.
  3658 | D:4      | Found a hazy altar of Hepliaklqana.
  3755 | D:4      | Noticed Edmund
  3770 | D:4      | Killed Edmund
  3771 | D:4      | Reached skill level 6 in Axes
  3771 | D:4      | Reached XP level 6. HP: 14/47 MP: 6/6
  4433 | D:4      | Found a basalt altar of Yredelemnul.
  4524 | D:4      | Reached skill level 7 in Axes
  4651 | D:5      | Entered Level 5 of the Dungeon
  4659 | D:5      | Gained mutation: You have a somewhat thin skeletal
                  | structure. (Dex +2, Stealth+) [demonic ancestry]
  4659 | D:5      | Reached XP level 7. HP: 52/52 MP: 7/7
  4731 | D:5      | Found a sand-covered staircase.
  4758 | D:5      | HP: 1/78 [ice beast (3)]
  4758 | D:5      | Mangled by an ice beast

Illustrated notes

Levels and vault maps discovered:
D:1:      ncdulo_lavacross, layout_loops_ring
D:2:      layout_loops_ring, serial_shops, shop
D:3:      layout_loops_ring, shapermc_ecumenical_altar_venn, minmay_crystal_room
D:4:      layout_gridville, nicolae_hepliaklqana_hazy_memory, lemuel_tele_altar,
          uniq_edmund
D:5:      layout_basic, minmay_temple_entry_statues_fountains, enter_ossuary_3,
          biasface_ghost_orc_armoury, lexackson_kobold_supper

Skill      XL: |  1  2  3  4  5  6 |
---------------+-------------------+-----
Axes           | 3 4 5 6 7 |  7.3
Fighting       | |  3.0
Armour         | |  1.7
Dodging        | |  1.7

Action                   |  1- 3 |  4- 6 |  7- 9 || total
-------------------------+-------+-------+-------++-------
Melee: Hand axe          |   106 |   208 |    21 ||   335
       Punch             |       |     1 |     1 ||     2
Invok: Berserk           |       |     2 |     1 ||     3
       Trog's Hand       |       |     1 |       ||     1
  Use: Scroll            |     2 |     3 |       ||     5
Armor: Animal skin       |    16 |     6 |       ||    22
       Scale mail        |       |    44 |       ||    44
       Leather armour    |       |    30 |     8 ||    38
Dodge: Dodged            |    61 |   124 |     7 ||   192

Table legend: (Time is in decaauts)
 A = Elapsed time spent in this place.
 B = Non-inter-level travel time spent in this place.
 C = Inter-level travel time spent in this place.
 D = Time resting spent in this place.
 E = Time spent auto-exploring this place.
 F = Levels seen in this place.
 G = Mean time per level.
                   A        B        C        D        E       F      G
               +--------+--------+--------+--------+--------+-----+--------+
         Total |   4788 |   4702 |     86 |     72 |   3783 |   5 |  957.6 |
       Dungeon |   4788 |   4702 |     86 |     72 |   3783 |   5 |  957.6 |
               +--------+--------+--------+--------+--------+-----+--------+

Top non-repeatable levels by time:
     D:2: 1628 daAuts
     D:1: 1276 daAuts
     D:4: 1064 daAuts
     D:3: 706 daAuts
     D:5: 113 daAuts
